 Dungeon Crawl Stone Soup version 0.25-a0-420-g1cc7eeb0d1 (webtiles) character file.

Game seed: 7745469859338096238, levelgen mode: deterministic

3730 Kohma the Basher (level 10, -4/63 HPs)
             Began as a Gargoyle Fighter on Jan 18, 2020.
             Was a Priest of Makhleb.
             Slain by a komodo dragon (16 damage)
             ... on level 8 of the Dungeon.
             The game lasted 00:19:16 (6833 turns).

Kohma the Basher (Gargoyle Fighter)                 Turns: 6833, Time: 00:19:16

Health: -4/63      AC: 30    Str: 23    XL:     10   Next: 14%
Magic:  10/10      EV: 10    Int:  9    God:    Makhleb [***...]
Gold:   348        SH:  0    Dex:  9    Spells: 9/9 levels left

rFire    . . .     SeeInvis .   b - +4 dire flail (protect)
rCold    . . .     Gourm    .   (shield currently unavailable)
rNeg     + . .     Faith    .   l - +0 chain mail
rPois    ∞         Spirit   .   (no helmet)
rElec    +         Reflect  .   r - +2 cloak {rPois}
rCorr    .         Harm     .   (no gloves)
MR       +....                  y - +0 pair of boots
Stlth    ..........             (no amulet)
HPRegen  0.20/turn              e - +2 ring of evasion
MPRegen  0.12/turn              h - ring of protection from magic

@: protection aura
A: negative energy resistance 1, electricity resistance, unbreathing,
petrification resistance, rot immunity, AC +7
a: Minor Destruction, Lesser Servant of Makhleb, Renounce Religion


You were on level 8 of the Dungeon.
You worshipped Makhleb.
Makhleb was most pleased with you.
You were not hungry.

You visited 2 branches of the dungeon, and saw 9 of its levels.
You also visited: Ossuary.

You collected 348 gold pieces.

Inventory:

Hand Weapons
 a - a +0 great mace
 b - a +4 dire flail of protection (weapon)
 t - the +4 dagger "Gyxot" {holy, rN+, unknown}
   (You found it on level 5 of the Dungeon)

   It has been blessed by the Shining One to cause great damage to the undead
   and demons.
   It protects you from negative energy.
Missiles
 d - 53 poisoned darts
 G - 3 curare-tipped darts (quivered)
Armour
 c - a +0 shield
 l - a +0 chain mail (worn)
 r - a +2 cloak of poison resistance (worn)
 y - a +0 pair of boots (worn)
 B - a +2 shield
Jewellery
 e - a +2 ring of evasion (left hand)
 h - a ring of protection from magic (right hand)
 v - an uncursed ring of protection from cold {unknown}
Wands
 k - a wand of random effects (22)
 p - a wand of digging (3)
 x - a wand of flame (8)
 C - a wand of paralysis (11)
 I - a wand of iceblast (13)
Scrolls
 i - 3 scrolls of remove curse
 m - 2 scrolls of fog
 q - a scroll of fear
 F - 3 scrolls of teleportation
Potions
 g - 2 potions of flight {unknown}
 j - 4 potions of curing
 n - 2 potions of magic {unknown}
 o - 4 potions of heal wounds {unknown}
 s - a potion of ambrosia {unknown}
 u - a potion of resistance
 w - a potion of degeneration {unknown}
 z - 2 potions of might
 A - 2 potions of agility
 D - a potion of lignification {unknown}
 E - a potion of mutation {unknown}
Comestibles
 f - 12 rations
 H - 2 chunks of flesh


   Skills:
 + Level 7.4 Fighting
 * Level 10.4 Maces & Flails
 + Level 8.6 Armour
 - Level 4.5 Shields


You had 9 spell levels left.
You didn't know any spells.
Your spell library contained the following spells:

 Spells                   Type           Power        Failure   Level  Hunger
 Corona                   Hex            #......      94%         1    ##.....
 Ensorcelled Hibernation  Hex/Ice        #.....       98%         2    ###....
 Confusing Touch          Hex            #.......     100%        3    ####...
 Dazzling Flash           Conj/Hex       #.....       100%        3    ####...
 Gell's Gravitas          Tloc           #.........   100%        3    ####...
 Tukima's Dance           Hex            #.......     100%        3    ####...
 Petrify                  Tmut/Erth      #.......     100%        4    #####..
 Metabolic Englaciation   Hex/Ice        #.........   100%        5    ######.
 Yara's Violent Unravell  Hex/Tmut       #.........   100%        5    ######.


Dungeon Overview and Level Annotations

Branches:
Dungeon (8/15)             Temple (1/1) D:6         Ossuary (visited)
   Lair: D:8-11

Altars:
Ashenzari
Cheibriados
Dithmenos
Elyvilon
Fedhas
Gozag
Hepliaklqana
Kikubaaqudgha
Makhleb
Nemelex Xobeh
Okawaru
Qazlal
Ru
Sif Muna
Trog
Uskayaw
Vehumet
Wu Jian
Xom
Yredelemnul
Zin
The Shining One

Shops:
D:4 (


Innate Abilities, Weirdness & Mutations

You are resistant to torment.
Your stone body is resilient. (AC +7)
You are immune to poison.
You resist negative energy. (rN+)
You are resistant to electric shocks. (rElec)
You can survive without breathing.
You are immune to petrification.
You are immune to rotting.


Message History

The komodo dragon bites you!
You are too injured to fight recklessly!
You are too injured to fight recklessly!
You are too injured to fight recklessly!
You hit the komodo dragon but do no damage.
The komodo dragon is moderately wounded.
The komodo dragon bites you but does no damage.
You closely miss the komodo dragon.
The komodo dragon is moderately wounded.
Your chain mail prevents you from hitting the komodo dragon.
The komodo dragon is moderately wounded.
The komodo dragon bites you!
* * * LOW HITPOINT WARNING * * *
You closely miss the komodo dragon.
The komodo dragon is moderately wounded.
The komodo dragon closely misses you.
You barely miss the komodo dragon.
The komodo dragon is moderately wounded.
The komodo dragon bites you!
You die...

############# P
#.......#...#### PP
#........._..... ...
#............... .P..
#............... .....
#.........8.._..
......########..........
P..P..l@........_.......
.P...####...............
... #.......#...#### .
#.......#...#...
#.......+..)#...
#.......#...#...
#.......#...#...
.........#...#...
##......####'#...


You could see a komodo dragon.

Vanquished Creatures
  Pikel (D:5)
  A troll (D:6)
  Grinder (D:5)
  Sigmund (D:2)
  A hungry ghost (D:7)
  2 sky beasts
  2 phantoms (D:6)
  4 ogres
  A centaur (D:8)
  A bullfrog (D:4)
  3 scorpions
  8 wights (D:8)
  A howler monkey (D:5)
  2 crimson imps (D:5)
  2 bullfrog zombies (D:5)
  5 hounds
  2 orc priests
  A jelly (D:5)
  5 orc wizards
  Crazy Yiuf (D:4)
  A gnoll shaman (D:7)
  A bullfrog skeleton (D:6)
  Jessica (D:3)
  Ijyb (D:4)
  5 iguanas
  3 worker ants
  4 big kobold zombies (Ossuary)
  A mummy (Ossuary)
  3 gnolls (D:7)
  A howler monkey skeleton (D:4)
  5 adders
  A shadow imp (D:5)
  2 adder zombies (D:7)
  An adder skeleton (D:7)
  A worm (D:4)
  5 dart slugs
  2 leopard geckos
  11 orcs
  3 spectral bats (Ossuary)
  9 bats
  5 giant cockroaches
  12 hobgoblins
  17 jackals
  3 quokkas
  2 ball pythons
  5 bat simulacra (Ossuary)
  3 frilled lizards
  8 gnoll zombies (Ossuary)
  8 goblins
  3 goblin simulacra (Ossuary)
  5 goblin zombies (Ossuary)
  6 hobgoblin zombies (Ossuary)
  7 kobolds
  2 kobold simulacra (Ossuary)
  3 kobold zombies (Ossuary)
  4 orc zombies (Ossuary)
  A quokka skeleton (D:6)
  6 rats
  2 rat simulacra (Ossuary)
  A spectral goblin (Ossuary)
  6 spectral kobolds (Ossuary)
  4 spectral rats (Ossuary)
219 creatures vanquished.

Vanquished Creatures (others)
  Eustachio (D:5)
  Edmund (D:5)
  A slave (D:5)
  A giant cockroach (D:5)
  A quokka skeleton (D:5)
  10 plants (D:8)
15 creatures vanquished.

Grand Total: 234 creatures vanquished

Notes
Turn   | Place    | Note
-------+----------+-------------------------------------------
     0 | D:1      | Kohma the Gargoyle Fighter began the quest for the Orb.
     0 | D:1      | Reached XP level 1. HP: 14/14 MP: 1/1
    16 | D:1      | Reached XP level 2. HP: 9/19 MP: 2/2
   385 | D:1      | Reached XP level 3. HP: 19/23 MP: 3/3
   843 | D:2      | Reached skill level 3 in Maces & Flails
  1133 | D:2      | Found a shimmering blue altar of Sif Muna.
  1134 | D:2      | Found a shimmering altar of Xom.
  1135 | D:2      | Found a glowing silver altar of Zin.
  1136 | D:2      | Found a sparkling altar of Nemelex Xobeh.
  1195 | D:2      | Reached XP level 4. HP: 28/28 MP: 4/4
  1390 | D:2      | Noticed Sigmund
  1410 | D:2      | Killed Sigmund
  1410 | D:2      | Reached skill level 4 in Maces & Flails
  1410 | D:2      | Reached XP level 5. HP: 8/32 MP: 5/5
  1410 | D:2      | Reached XP level 6. HP: 9/37 MP: 6/6
  1911 | D:3      | Noticed Jessica
  1941 | D:3      | Killed Jessica
  2248 | D:3      | Found a sacrificial altar of Ru.
  2271 | D:3      | Reached skill level 5 in Maces & Flails
  2375 | D:4      | Found a bloodstained altar of Trog.
  2400 | D:4      | Found a hide-covered altar of Uskayaw.
  2491 | D:4      | Reached skill level 5 in Armour
  2527 | D:4      | Noticed Ijyb
  2537 | D:4      | Killed Ijyb
  2550 | D:4      | Reached XP level 7. HP: 32/41 MP: 7/7
  2692 | D:4      | Reached skill level 6 in Maces & Flails
  2950 | D:4      | Found Gecyusef's Antique Weapon Shop.
  3137 | D:4      | Found a runed translucent door.
  3138 | D:4      | Noticed Crazy Yiuf
  3144 | D:4      | Killed Crazy Yiuf
  3186 | D:5      | Entered Level 5 of the Dungeon
  3284 | D:5      | Reached XP level 8. HP: 41/48 MP: 8/8
  3579 | D:5      | Reached skill level 7 in Maces & Flails
  3617 | D:5      | Noticed Grinder
  3619 | D:5      | Got an ancient dagger
  3646 | D:5      | Killed Grinder
  3874 | D:5      | Noticed Pikel
  3875 | D:5      | Noticed Edmund
  3909 | D:5      | Killed Pikel
  3909 | D:5      | Reached skill level 5 in Fighting
  3909 | D:5      | Reached skill level 8 in Maces & Flails
  3909 | D:5      | Reached XP level 9. HP: 27/54 MP: 9/9
  3925 | D:5      | Killed Edmund
  4071 | D:5      | Killed Eustachio
  4442 | D:6      | Found a staircase to the Ecumenical Temple.
  4449 | Temple   | Entered the Ecumenical Temple
  4541 | Temple   | Became a worshipper of Makhleb the Destroyer
  4681 | D:6      | Reached skill level 9 in Maces & Flails
  5176 | D:7      | Noticed a troll
  5247 | D:6      | Killed a troll
  5771 | D:7      | Reached * piety under Makhleb
  6159 | D:8      | Found a sand-covered staircase.
  6167 | Ossuary  | Entered an ossuary
  6235 | Ossuary  | Reached ** piety under Makhleb
  6360 | Ossuary  | Reached skill level 10 in Maces & Flails
  6509 | Ossuary  | Reached *** piety under Makhleb
  6648 | D:8      | Reached XP level 10. HP: 62/63 MP: 10/10
  6770 | D:8      | Found an opulent altar of Gozag.
  6772 | D:8      | Found a shadowy altar of Dithmenos.
  6777 | D:8      | Found a shattered altar of Ashenzari.
  6833 | D:8      | Slain by a komodo dragon

Levels and vault maps discovered:
D:1:      minmay_arrival_glassed_features, layout_loops_ring,
          serial_bayou_lagoon_b
D:2:      layout_loops_cross, chequers_temple_overflow_statue_of_worship,
          uniq_sigmund
D:3:      layout_rooms, nicolae_ru_great_annihilating_truth, first_ration,
          serial_bayou_pond_b, uniq_jessica
D:4:      layout_rooms, eat_drink_and_be_merry_uskayaw, kennysheep_mini_moat,
          serial_shops, nicolae_shop_waterfront, kennysheep_generic_room_2,
          uniq_ijyb, uniq_crazy_yiuf_cottage
D:5:      layout_basic, uniq_edmund, uniq_pikel, uniq_grinder, uniq_eustachio
D:6:      layout_basic, minmay_temple_entry_slanted
D:7:      layout_loops_ring
D:8:      layout_gridville, grunt_temple_overflow_open, david_lair_shrubbed,
          nicolae_ossuary_entry_plus
Temple:   nicolae_temple_hex_pool

Skill      XL: |  1  2  3  4  5  6  7  8  9 |
---------------+----------------------------+-----
Maces & Flails | 3 4 5 6 8 10 | 10.4
Armour         | 4 5 7 8 |  8.6
Shields        | 4 |  4.5
Fighting       | 4 5 7 |  7.4

Action                   |  1- 3 |  4- 6 |  7- 9 | 10-12 || total
-------------------------+-------+-------+-------+-------++-------
Melee: Flail             |    74 |       |       |       ||    74
       Whip              |   104 |   129 |       |       ||   233
       Great mace        |       |    52 |   122 |       ||   174
       Dire flail        |       |       |   333 |    53 ||   386
  Use: Scroll            |     1 |     7 |     4 |       ||    12
       Potion            |       |     2 |     1 |       ||     3
 Stab: Paralysed         |       |     1 |       |       ||     1
  Eat: Chunk             |     1 |     5 |    14 |     2 ||    22
Armor: Scale mail        |   122 |    23 |       |       ||   145
       Chain mail        |       |    49 |   254 |    21 ||   324
       Skin              |       |    11 |       |       ||    11
Dodge: Dodged            |    55 |    70 |   225 |    19 ||   369
Block: Shield            |   111 |    51 |       |       ||   162

Table legend:
 A = Non-vault XP
 B = Vault XP
 C = Vault XP percentage of total XP
 D = Non-vault monster count
 E = Vault monster count
 F = Vault count percentage of total count
                 A         B        C        D         E       F
            +---------+---------+-------+---------+---------+-------
      Total |    3763 |    1566 |  29.4 |     147 |      71 |  32.6
            +---------+---------+-------+---------+---------+-------
        D:1 |      47 |       0 |   0.0 |      23 |       0 |   0.0
        D:2 |      58 |     238 |  80.4 |      22 |       1 |   4.3
        D:3 |      31 |      87 |  73.7 |      16 |       8 |  33.3
        D:4 |     436 |     120 |  21.6 |       9 |       4 |  30.8
        D:5 |     778 |     935 |  54.6 |      27 |       2 |   6.9
        D:6 |     978 |       0 |   0.0 |      13 |       0 |   0.0
        D:7 |     531 |       0 |   0.0 |      18 |       0 |   0.0
        D:8 |     904 |       0 |   0.0 |      19 |       0 |   0.0
    Ossuary |       0 |     186 | 100.0 |       0 |      56 | 100.0
            +---------+---------+-------+---------+---------+-------
